 Dungeon Crawl Stone Soup version 0.17-a0-129-g9432df0 (webtiles) character file.

2502 Ngotmuk the Nimble (level 9, -2/82 HPs)
             Began as a Deep Dwarf Fighter on Mar 24, 2015.
             Was a Priest of Ru.
             Slain by an orc warrior
             ... wielding a +0 trident
              (16 damage)
             ... on level 7 of the Dungeon.
             The game lasted 00:20:05 (5228 turns).

Ngotmuk the Nimble (Deep Dwarf Fighter)             Turns: 5228, Time: 00:20:05

Health: -2/82      AC: 10    Str: 24      XL:     9   Next: 28%
Magic:  9/9        EV: 14    Int:  4      God:    Ru [***...]
Gold:   314        SH:  0    Dex: 13 (16) Spells: 0 memorised, 8 levels left

rFire  x . .     SeeInvis .     y - +3 short sword of Temperance {vamp, +Fly rF- rC+ Int-4} (curse)
rCold  + + +     Clarity  .     b - +0 scale mail
rNeg   . . .     SustAb   .     (no shield)
rPois  +         Gourm    .     z - +0 helmet of Beyond {rC+ Dex+4}
rElec  .         Spirit   .     (no cloak)
rCorr  .         Warding  .     (no gloves)
rMut   .         Stasis   +     E - +0 pair of boots (curse)
MR     +....                    d - amulet of stasis
Stlth  ..........               t - ring of protection from cold
                                e - ring of poison resistance

@: non-regenerating, drained, somewhat resistant to hostile enchantments,
extremely unstealthy
A: damage resistance, recharge devices, sense surroundings 2, slow healing 3,
inability to use devices
a: Device Recharging, Draw Out Power, Renounce Religion


You were on level 7 of the Dungeon.
You worshipped Ru.
Ru was most pleased with you.
You were not hungry.

You visited 2 branches of the dungeon, and saw 8 of its levels.

You collected 314 gold pieces.

Inventory:

Hand weapons
 y - the cursed +3 short sword of Temperance (weapon) {vamp, +Fly rF- rC+ Int-4}
   (You found it on level 4 of the Dungeon)

   It inflicts no extra harm, but heals its wielder somewhat when it strikes a
   living foe.
   It affects your intelligence (-4).
   It makes you vulnerable to fire.
   It protects you from cold.
   It lets you fly.
   It has a curse placed upon it.
Armour
 b - a +0 scale mail (worn)
 z - the +0 helmet of Beyond (worn) {rC+ Dex+4}
   (You found it on level 5 of the Dungeon)

   It affects your dexterity (+4).
   It protects you from cold.
 E - a cursed +0 pair of boots (worn)
Jewellery
 d - an amulet of stasis (around neck)
 e - a ring of poison resistance (left hand)
 t - a ring of protection from cold (right hand)
Scrolls
 c - 4 scrolls of identify {unknown}
 g - 2 scrolls of blinking {unknown}
 j - a scroll of teleportation {unknown}
 o - 2 scrolls of enchant armour {unknown}
 q - 5 scrolls of enchant weapon {unknown}
 r - a scroll of fear {unknown}
 s - 2 scrolls of recharging {unknown}
 u - a scroll of noise {unknown}
 D - a scroll of immolation {unknown}
 H - a scroll of random uselessness {unknown}
 I - a scroll of fog {unknown}
Potions
 a - 4 potions of poison {unknown}
 h - 2 potions of haste {unknown}
 i - 2 potions of curing {unknown}
 k - a potion of brilliance {unknown}
 l - a potion of flight {unknown}
 m - 2 potions of heal wounds {unknown}
 n - a potion of invisibility {unknown}
 p - 2 potions of restore abilities {unknown}
 v - a potion of degeneration {unknown}
 x - 2 potions of resistance {unknown}
 B - a potion of agility {unknown}
 C - a potion of cancellation {unknown}
 J - 2 potions of lignification {unknown}
Comestibles
 f - 5 bread rations
 w - a meat ration
 A - a slice of pizza
 F - 3 beef jerkies


   Skills:
 + Level 5.7(5.0) Fighting
   Level 5.7(5.0) Maces & Flails
 + Level 7.0(6.3) Armour
 + Level 8.7(8.0) Dodging
   Level 3.2(2.6) Shields


You had 8 spell levels left.
You didn't know any spells.

Dungeon Overview and Level Annotations

Branches:
Dungeon (7/15)             Temple (1/1) D:5

Altars:
Ashenzari
Cheibriados
Dithmenos
Elyvilon
Fedhas
Gozag
Kikubaaqudgha
Nemelex Xobeh
Okawaru
Qazlal
Ru
Trog
Vehumet
Xom
Yredelemnul
Zin
The Shining One

Annotations:
D:5 wvc's ghost, experienced GrHu


Innate Abilities, Weirdness & Mutations

You are resistant to damage.
You can recharge devices by infusing magical energy.
You passively map the area around you.
You do not heal naturally.
You cannot study or use magical devices.


Message History

The orc hits you but does no damage.
You hit the orc but do no damage.
The orc is heavily wounded.
The orc warrior closely misses you. The orc hits you but does no damage.
You barely miss the orc.
The orc is heavily wounded.
The orc warrior misses you. The orc misses you.
You hit the orc.
The orc is severely wounded.
The orc warrior hits you from afar with a trident!!
* * * LOW HITPOINT WARNING * * *
The orc hits you.
You hit the orc but do no damage.
The orc is severely wounded.
The orc warrior closely misses you. The orc hits you but does no damage.
You barely miss the orc.
The orc is severely wounded.
The orc completely misses you.
The orc warrior hits you from afar with a trident!
You die...

#......# #.# #.###.# *.
#......##### #.######.....# #.
.....)..>..### #.#....).....# #.
†............###.#.####.##..####.
#†#.....................##.......
#.###...####.#####.####.##..####.
#.# ##/## #.# #.# #.##..####. #.#
### #.#####.####.......##. #.#
#....@o#.....##....... ..#
#######o####.##..###.. #.# #.#
*.......... #.# #<# #.##..###.#
#.# #o#**# #....... ..# ####*#o.
.....##..# ..# #.. ..., ,
######..# ..# #.# *#### . #....#
..# #.# #.# #.#.##


You could see an orc warrior and an orc.

Vanquished Creatures
  The ghost of Ngotmuk the Covered, an average DDFi of Ru (D:4)
  Grinder (D:3)
  2 ice beasts
  2 black bears (D:7)
  A sky beast (D:5)
  3 phantoms
  A giant frog (D:5)
  4 killer bees (D:7)
  3 scorpions (D:5)
  A giant frog zombie (D:7)
  2 crimson imps
  A hound (D:4)
  2 goliath beetles
  A quasit (D:7)
  3 orc priests
  A centaur zombie (D:5)
  A giant frog skeleton (D:4)
  4 jellies
  A centaur skeleton (D:4)
  3 orc wizards (D:6)
  4 worker ants
  A worker ant zombie (D:6)
  A shadow imp (D:5)
  6 adders
  2 worms (D:3)
  A giant mite (D:2)
  An adder skeleton (D:5)
  2 giant geckos
  An ooze (D:1)
  29 orcs
  2 ball pythons
  13 goblins
  8 hobgoblins
  10 jackals
  2 quokkas
  A ball python skeleton (D:5)
  15 bats
  6 giant cockroaches
  8 giant newts
  10 kobolds
  A quokka skeleton (D:7)
  10 rats
  2 ballistomycetes (D:6)
174 creatures vanquished.

Vanquished Creatures (others)
  A goliath beetle (D:6)
  An orc (D:3)
  A kobold (D:6)
  A giant spore (D:6)
4 creatures vanquished.

Grand Total: 178 creatures vanquished

Notes
Turn   | Place    | Note
--------------------------------------------------------------
     0 | D:1      | Ngotmuk, the Deep Dwarf Fighter, began the quest for the Orb.
     0 | D:1      | Reached XP level 1. HP: 20/20 MP: 1/1
   358 | D:1      | Reached XP level 2. HP: 24/27 MP: 2/2
   474 | D:1      | Reached skill level 1 in Dodging
   851 | D:2      | Reached XP level 3. HP: 24/33 MP: 3/3
   864 | D:2      | Found an opulent altar of Gozag.
  1573 | D:3      | Reached XP level 4. HP: 20/40 MP: 4/4
  1696 | D:3      | Noticed Grinder
  1726 | D:3      | Killed Grinder
  1726 | D:3      | Reached skill level 4 in Maces & Flails
  1726 | D:3      | Reached skill level 1 in Evocations
  1726 | D:3      | Reached XP level 5. HP: 6/46 MP: 5/5
  1726 | D:3      | Reached XP level 6. HP: 7/55 MP: 7/7
  1734 | D:3      | Found a stormy altar of Qazlal.
  1801 | D:3      | Reached skill level 5 in Maces & Flails
  1916 | D:4      | Found a sparkling altar of Nemelex Xobeh.
  1921 | D:4      | Noticed Ngotmuk's ghost (average DDFi)
  1990 | D:4      | Killed Ngotmuk's ghost
  1990 | D:4      | Reached skill level 5 in Dodging
  1990 | D:4      | Reached XP level 7. HP: 17/61 MP: 9/9
  2144 | D:4      | Got a bloodstained short sword
  2185 | D:4      | Identified the cursed +3 short sword of Temperance {vamp, +Fly rF- rC+ Int-4} (You found it on level 4 of the Dungeon)
  2222 | D:4      | Reached skill level 6 in Dodging
  2538 | D:5      | Entered Level 5 of the Dungeon
  2688 | D:5      | Found a staircase to the Ecumenical Temple.
  2726 | D:5      | Reached XP level 8. HP: 55/69 MP: 10/10
  2729 | D:5      | Got a bloodstained helmet
  2741 | D:5      | Identified the +0 helmet of Beyond {rC+ Dex+4} (You found it on level 5 of the Dungeon)
  2750 | Temple   | Entered the Ecumenical Temple
  2839 | Temple   | Became a worshipper of Ru the Awakened
  3217 | D:5      | Reached skill level 7 in Dodging
  3243 | D:5      | Found a white marble altar of Elyvilon.
  3437 | D:5      | Noticed wvc's ghost (experienced GrHu)
  3513 | D:6      | Reached skill level 5 in Armour
  3779 | D:6      | Gained mutation: You cannot study or use magical devices. [Ru sacrifice]
  3779 | D:6      | Acquired Ru's first power
  3779 | D:6      | Acquired Ru's second power
  3779 | D:6      | Acquired Ru's third power
  3856 | D:6      | Found a shattered altar of Ashenzari.
  4277 | D:6      | Reached skill level 5 in Fighting
  4277 | D:6      | Reached skill level 8 in Dodging
  4631 | D:7      | Gained mutation: You passively map the area around you. [level up]
  4631 | D:7      | Reached XP level 9. HP: 59/81 MP: 9/9
  5137 | D:7      | Found a bloodstained altar of Trog.
  5228 | D:7      | Slain by an orc warrior

Action                   |  1- 3 |  4- 6 |  7- 9 || total
-------------------------+-------+-------+-------++-------
Melee: Flail             |   159 |    75 |    40 ||   274
       Short sword       |       |       |   821 ||   821
Invok: Draw Out Power    |       |       |     6 ||     6
       Sacrifice Artific |       |       |     1 ||     1
Evoke: Wand              |       |     2 |     3 ||     5
  Use: Potion            |       |     1 |       ||     1
 Stab: Invisible         |       |       |     2 ||     2
  Eat: Meat ration       |     1 |       |     3 ||     4
       Royal jelly       |       |       |     1 ||     1
